 Dungeon Crawl Stone Soup version 0.28.0-49-g6dfe1f597d (console) character file.

Game seed: 3847985804524646686

384 Faeu the Chopper (level 6, -2/84 HPs)
             Began as a Minotaur Berserker on May 15, 2022.
             Was a Believer of Trog.
             Killed from afar by an orc wizard (10 damage)
             ... with a puff of flame
             ... on level 5 of the Dungeon.
             The game lasted 00:05:03 (4394 turns).

Faeu the Chopper (Minotaur Berserker)               Turns: 4394, Time: 00:05:03

Health: -2/84      AC:  2    Str: 24    XL:     6   Next: 47%
Magic:  5/5        EV: 12    Int:  4    God:    Trog [**....]
Gold:   177        SH:  0    Dex:  9    Spells: 5/5 levels left

rFire   . . .      SeeInvis .   a - +0 hand axe {axe}
rCold   . . .      Faith    .   (no shield)
rNeg    . . .      Spirit   .   b - +0 animal skin
rPois   .          Reflect  .   (helmet restricted)
rElec   .          Harm     .   (no cloak)
rCorr   .          Rampage  .   (no gloves)
Will    .....                   (no boots)
Stlth   ..........              (no amulet)
HPRegen 0.24/turn               (no ring)
MPRegen 0.09/turn               (no ring)

@: berserking (expiring), very quick
A: horns 2, retaliatory headbutt
a: Renounce Religion, Berserk, Trog's Hand


You were on level 5 of the Dungeon.
You worshipped Trog.
Trog was pleased with you.
You visited 1 branch of the dungeon, and saw 5 of its levels.

You collected 177 gold pieces.


Innate Abilities, Weirdness & Mutations

You have a pair of horns on your head.
You reflexively headbutt those who attack you in melee.


   Skills:
 + Level 5.3 Fighting
 + Level 5.4 Axes
 + Level 4.7 Armour
 + Level 4.1 Dodging


You had 5 spell levels left.
You didn't know any spells.
Your spell library contained the following spells:

 Spells                   Type           Power      Damage    Failure   Level
 Ensorcelled Hibernation  Hex/Ice        0%         N/A       65%         2
 Passwall                 Tmut/Erth      0%         N/A       65%         2
 Scorch                   Fire           0%         2d5       65%         2
 Swiftness                Air            0%         N/A       86%         3
 Flame Wave               Conj/Fire      0%         2d4       99%         4
 Iskenderun's Battlesphe  Conj           0%         2d6       100%        5
 Iron Shot                Conj/Erth      0%         9d1       100%        6
 Summon Cactus Giant      Summ           0%         N/A       100%        6
 Spellforged Servitor     Conj/Summ      0%         N/A       100%        7

Inventory:

Hand Weapons
 a - a +0 hand axe (weapon) {axe}
Armour
 b - a +0 animal skin (worn)
Jewellery
 m - a ring of magical power
   (You found it on level 2 of the Dungeon)
 o - a ring of magical power
   (You found it on level 3 of the Dungeon)
Scrolls
 d - 2 scrolls of amnesia {unknown}
 e - 4 scrolls of identify {unknown}
 f - a scroll of blinking {unknown}
 j - 2 scrolls of teleportation {unknown}
 k - a scroll of summoning {unknown}
 l - a scroll of holy word {unknown}
 p - a scroll of noise {unknown}
 q - a scroll of immolation {unknown}
 s - a scroll of fear {unknown}
Potions
 c - a potion of brilliance {unknown}
 g - 2 potions of haste {unknown}
 h - a potion of heal wounds {unknown}
 i - a potion of attraction {unknown}
 n - a potion of might {unknown}
 r - a potion of resistance {unknown}

Dungeon Overview and Level Annotations

Branches:
Dungeon (5/15)
 Temple: D:4-7

Altars:
Cheibriados
Elyvilon
Gozag
Ru
Sif Muna
Zin
The Shining One

....... #..
......... ....
......... ....
........# ....#
.......###..... .
##......#..... ..
.> #......# ...
#.##...s..#
#...#.#...c{###
##.........@..##
.........$.....#
#.....<......##
.................
...........##....
..........##
..### .....#.##.#
...# #.#..## ...
.... . ## ...
...#


You could see a centaur and a scorpion.


Message History

a +0 leather armour; a +0 dagger {short}
There is a stone staircase leading down here.
You climb downwards.
There is a stone staircase leading up here. 2 orcs come into view.
An orc is wielding a +1 vorpal hand axe.
The orc shouts! x2
There are monsters nearby!
An orc wizard comes into view. It is wielding a +0 dagger.
A centaur comes into view.
There are monsters nearby!
The centaur shouts!
The orc wizard casts a spell.
The orc wizard flickers and vanishes!
Deactivating autopickup; reactivate with Ctrl-A.
The orc hits you with a +0 flail. 😕 HP[-1]
You take 1 damage, and now have 55/56 hp.
There are monsters nearby!
You barely miss the orc.
The centaur wields a +0 shortbow.
The centaur shoots an arrow.
The arrow closely misses you.
The orc hits you with a +0 flail. 😕 HP[-2]
You take 2 damage, and now have 53/56 hp.
There are monsters nearby!
You closely miss the orc. Your headbutt misses the orc. You hit the orc.
The centaur shoots an arrow.
The arrow hits you.
The orc hits you with a +1 vorpal hand axe. 😮 HP[-11]
You take 11 damage, and now have 42/56 hp.
There are monsters nearby!
You are too injured to fight recklessly!
There are monsters nearby!
You are too injured to fight recklessly!
There are monsters nearby!
You are too injured to fight recklessly!
There are monsters nearby!
You are too injured to fight recklessly!
There are monsters nearby!
You are too injured to fight recklessly!
There are monsters nearby!
You are too injured to fight recklessly!
The centaur shoots an arrow.
The arrow hits you.
A necrophage comes into view.
The orc barely misses you. 😮 HP[-6]
You take 6 damage, and now have 36/56 hp. 😮 HP[+1]
You hit the orc. You headbutt the orc.
You kill the orc!
Trog accepts your kill.
The centaur shoots an arrow.
The arrow hits you!
* * * LOW HITPOINT WARNING * * *
😨 HP[-10]
You take 10 damage, and now have 27/56 hp.
You hit the orc. Your headbutt misses the orc.
The orc hits you with a +1 vorpal hand axe.
* * * LOW HITPOINT WARNING * * *
x2 😨 HP[-4]
You take 4 damage, and now have 23/56 hp.
A red film seems to cover your vision as you go berserk!
You feel yourself moving faster!
You feel mighty!
The centaur shoots an arrow.
The arrow misses you. The orc barely misses you. You furiously retaliate!
You headbutt the orc!
You kill the orc!
Trog accepts your kill.
The centaur shoots an arrow.
The arrow barely misses you. 😨 HP[+12]
You now have 84 max hp (+28).
You regained 12 hp, and now have 35/84 hp.
You slash the necrophage! Your headbutt misses the necrophage.
A scorpion comes into view.
The centaur shoots an arrow.
The arrow misses you.
You closely miss the necrophage. You headbutt the necrophage!
Your punch misses the necrophage. The necrophage misses you.
The centaur shoots an arrow.
The arrow hits you!
* * * LOW HITPOINT WARNING * * *
😱 HP[-15]
You take 15 damage, and now have 20/84 hp.
You barely miss the necrophage.
The centaur shoots an arrow.
The arrow barely misses you. The necrophage hits you.
* * * LOW HITPOINT WARNING * * *
😱 HP[-1]
You take 1 damage, and now have 19/84 hp.
You slash the necrophage!
You destroy the necrophage!
Trog accepts your kill.
The centaur shoots an arrow.
The arrow hits you.
* * * LOW HITPOINT WARNING * * *
Your Dodging skill increases to level 4! 😱 HP[-1]
You take 1 damage, and now have 18/84 hp.
You closely miss something.
The centaur shoots an arrow.
The arrow hits you!
* * * LOW HITPOINT WARNING * * *
😱 HP[-10]
You take 10 damage, and now have 8/84 hp.
You hear some strange, mumbled words.
A puff of flame appears from out of thin air!
The puff of flame hits you!
You die...

Skill      XL: |  1  2  3  4  5  6 |
---------------+-------------------+-----
Axes           | 4 5 |  5.4
Fighting       | 4 5 |  5.3
Armour         | 3 4 |  4.7
Dodging        | 3 4 |  4.1

Action                   |  1- 3 |  4- 6 || total
-------------------------+-------+-------++-------
Melee: Hand axe          |    81 |    73 ||   154
       Headbutt          |     9 |    16 ||    25
       Punch             |     2 |       ||     2
Invok: Berserk           |       |     3 ||     3
 Stab: Sleeping          |     1 |       ||     1
Armor: Animal skin       |    11 |     5 ||    16
Dodge: Dodged            |    70 |    51 ||   121

Levels and vault maps discovered:
D:1:      minmay_arrival_doors, layout_basic, serial_corexii_hall,
          corexii_hall_statues_s, chequers_hall_statues_wall_a
D:2:      layout_rooms, ebering_ecumenical_altar_hall
D:3:      minmay_recursive_quarters, layout_basic, good_gods_temple_1,
          nicolae_ru_sacrificial_ziggurat, mainiacjoe_overflow_tiny_flanked,
          cheibrodos_sewer_entry_bend
D:4:      layout_loops_ring, mainiacjoe_overflow_paths, lemuel_blue_sif_altar
D:5:      layout_cave_pools, nicolae_uskayaw_suspiria,
          nicolae_figureground_sparkle

Notes
Turn   | Place    | Note
-------+----------+-------------------------------------------
     0 | D:1      | Faeu the Minotaur Berserker began the quest for the Orb.
     0 | D:1      | Reached XP level 1. HP: 19/19 MP: 0/0
     0 | D:1      | magus.rc [v1.9.6]
   615 | D:1      | Reached XP level 2. HP: 24/27 MP: 1/1
   680 | D:1      | Reached skill level 4 in Axes
   787 | D:1      | Reached skill level 4 in Fighting
   840 | D:1      | Reached skill level 3 in Armour
  1129 | D:1      | Reached XP level 3. HP: 33/33 MP: 2/2
  1279 | D:2      | You pick up a book of Burglary {forbidden} and begin
                  | reading...
  1279 | D:2      | You add the spells Passwall, Ensorcelled Hibernation and
                  | Swiftness to your library.
  1332 | D:2      | Reached ** piety under Trog
  1479 | D:2      | Found a faded altar of an unknown god.
  1812 | D:3      | HP: 4/33 [gnoll shaman/+0 whip (8)]
  1826 | D:3      | HP: 5/33 [kobold/stone (1)]
  2097 | D:3      | Reached skill level 3 in Dodging
  2097 | D:3      | Reached XP level 4. HP: 32/41 MP: 3/3
  2412 | D:3      | Found a snail-covered altar of Cheibriados.
  2792 | D:3      | Reached XP level 5. HP: 46/47 MP: 4/4
  2894 | D:3      | Found a sacrificial altar of Ru.
  2902 | D:3      | You pick up a book of Power {forbidden} and begin
                  | reading...
  2902 | D:3      | You add the spells Iskenderun's Battlesphere, Iron Shot and
                  | Spellforged Servitor to your library.
  3032 | D:3      | You pick up a book of Burglary {forbidden} and begin
                  | reading...
  3040 | D:3      | Found a glowing golden altar of the Shining One.
  3040 | D:3      | Found a glowing silver altar of Zin.
  3041 | D:3      | Found a white marble altar of Elyvilon.
  3147 | D:3      | Reached skill level 4 in Armour
  3527 | D:4      | Noticed an ogre
  3537 | D:4      | Killed an ogre
  3538 | D:4      | Reached skill level 5 in Fighting
  3538 | D:4      | Reached skill level 5 in Axes
  3538 | D:4      | Reached XP level 6. HP: 23/56 MP: 5/5
  3757 | D:4      | You pick up a book of Scorching {forbidden} and begin
                  | reading...
  3757 | D:4      | You add the spells Scorch, Flame Wave and Summon Cactus
                  | Giant to your library.
  3812 | D:4      | Found a shimmering blue altar of Sif Muna.
  3865 | D:4      | Found an opulent altar of Gozag.
  4377 | D:5      | Entered Level 5 of the Dungeon
  4390 | D:5      | HP: 20/84 [centaur/arrow (15)]
  4393 | D:5      | Reached skill level 4 in Dodging
  4393 | D:5      | HP: 8/84 [centaur/arrow (10)]
  4394 | D:5      | Killed from afar by an orc wizard

Vanquished Creatures
  A necrophage (D:5)
  An ogre (D:4)
  A hound (D:3)
  A gnoll shaman (D:3)
  5 gnolls (D:3)
  2 adders
  An adder skeleton (D:4)
  2 worms
  2 dart slugs (D:3)
  4 orcs
  8 ball pythons
  8 endoplasms
  3 giant cockroaches
  3 hobgoblins (D:1)
  3 jackals (D:1)
  3 kobolds
  3 quokkas
  6 bats
  A frilled lizard (D:2)
  6 goblins
  7 rats
71 creatures vanquished.

Table legend:
 A = Non-vault XP
 B = Vault XP
 C = Vault XP percentage of total XP
 D = Non-vault monster count
 E = Vault monster count
 F = Vault count percentage of total count
                 A         B        C        D         E       F
            +---------+---------+-------+---------+---------+-------
      Total |     438 |     111 |  20.2 |      61 |      10 |  14.1
            +---------+---------+-------+---------+---------+-------
        D:1 |      42 |       0 |   0.0 |      25 |       0 |   0.0
        D:2 |      29 |       0 |   0.0 |       9 |       0 |   0.0
        D:3 |      79 |     111 |  58.4 |      15 |      10 |  40.0
        D:4 |     152 |       0 |   0.0 |       9 |       0 |   0.0
        D:5 |     136 |       0 |   0.0 |       3 |       0 |   0.0
            +---------+---------+-------+---------+---------+-------

Illustrated notes

Table legend:
 A = Kills in this place as a percentage of kills in entire the game.
 B = Kills by you in this place as a percentage of kills by you in the entire game.
 C = Kills by friends in this place as a percentage of kills by friends in the entire game.
 D = Other kills in this place as a percentage of other kills in the entire game.
 E = Experience gained in this place as a percentage of experience gained in the entire game.
 F = Experience gained in this place divided by the number of levels of this place that you have seen.
                   A       B       C       D       E      F
               +-------+-------+-------+-------+-------+----------------------
         Total | 100.0 | 100.0 |   N/A |   N/A | 100.0 | 109.8
       Dungeon | 100.0 | 100.0 |   N/A |   N/A | 100.0 | 109.8
               +-------+-------+-------+-------+-------+----------------------

Table legend: (Time is in decaauts)
 A = Elapsed time spent in this place.
 B = Non-inter-level travel time spent in this place.
 C = Inter-level travel time spent in this place.
 D = Time resting spent in this place.
 E = Time spent auto-exploring this place.
 F = Levels seen in this place.
 G = Mean time per level.
                   A        B        C        D        E       F      G
               +--------+--------+--------+--------+--------+-----+--------+
         Total |   4427 |   4201 |    226 |    475 |   3132 |   5 |  885.4 |
       Dungeon |   4427 |   4201 |    226 |    475 |   3132 |   5 |  885.4 |
               +--------+--------+--------+--------+--------+-----+--------+

Top non-repeatable levels by time:
     D:3: 1425 daAuts
     D:4: 1203 daAuts
     D:1: 1165 daAuts
     D:2: 618 daAuts
     D:5: 15 daAuts
